 Dungeon Crawl Stone Soup version 0.26-b1-32-g5d43845318 (webtiles) character file.

Game seed: 17177318215953825792

81 Borgoz the Skirmisher (level 4, -2/40 HPs)
             Began as a Ghoul Monk on Jan 13, 2021.
             Slain by a gnoll
             ... wielding a +0 flail
              (7 damage)
             ... on level 2 of the Dungeon.
             The game lasted 00:01:39 (1926 turns).

Borgoz the Skirmisher (Ghoul Monk)                  Turns: 1926, Time: 00:01:40

Health: -2/40      AC:  4    Str: 15    XL:     4   Next: 42%
Magic:  3/3        EV: 12    Int:  5    God:
Gold:   156        SH:  0    Dex: 11    Spells: 3/3 levels left

rFire    . . .     SeeInvis .   a - +0 falchion
rCold    + . .     Faith    .   (no shield)
rNeg     + + +     Spirit   .   m - +0 leather armour (curse)
rPois    ∞         Reflect  .   b - +0 helmet (curse)
rElec    .         Harm     .   (no cloak)
rCorr    .         Rampage  .   (no gloves)
Will     .....                  (no boots)
Stlth    ++........             (no amulet)
HPRegen  0.00/turn              (no ring)
MPRegen  0.08/turn              (no ring)

@: no status effects
A: claws 1, cold resistance 1, negative energy resistance 3, inhibited
regeneration, torment resistance, unbreathing
a: no special abilities


You were on level 2 of the Dungeon.
You visited 1 branch of the dungeon, and saw 2 of its levels.

You collected 156 gold pieces.

Inventory:

Hand Weapons
 a - a +0 falchion (weapon)
Armour
 b - a cursed +0 helmet (worn)
 m - a cursed +0 leather armour (worn)
Scrolls
 f - a scroll of fog {unknown}
 g - a scroll of magic mapping {unknown}
 j - 3 scrolls of enchant weapon {unknown}
 l - a scroll of teleportation {unknown}
 n - a scroll of noise {unknown}
 p - a scroll of amnesia {unknown}
Potions
 c - 2 potions of mutation {unknown}
 d - a potion of invisibility {unknown}
 e - a potion of flight {unknown}
 h - a potion of brilliance {unknown}
 i - a potion of lignification
 k - a potion of cancellation {unknown}
 o - a potion of curing {unknown}


   Skills:
 + Level 4.0 Fighting
 + Level 3.2 Long Blades
 + Level 1.5 Armour
 + Level 3.2 Dodging
 - Level 2.1 Stealth


You had 3 spell levels left.
You didn't know any spells.
Your spell library was empty.

Dungeon Overview and Level Annotations

Branches:
Dungeon (2/15)

Altars:


Innate Abilities, Weirdness & Mutations

You thrive by killing the living.
You are immune to poison.
You have sharp fingernails.
Your flesh is cold resistant. (rC+)
You are immune to negative energy. (rN+++)
You do not regenerate when monsters are visible.
You are immune to unholy pain and torment.
You can survive without breathing.


Message History

You are too injured to fight recklessly!
You are too injured to fight recklessly!
You barely miss the gnoll.
The gnoll is almost dead.
The gnoll hits you.
* * * LOW HITPOINT WARNING * * *
You closely miss the gnoll.
The gnoll is almost dead.
The gnoll barely misses you.
You hit the gnoll.
You kill the gnoll!
You feel better.
Your Fighting skill increases to level 4!
You hit the gnoll.
The gnoll is moderately wounded.
The gnoll hits you with a +0 flail!
* * * LOW HITPOINT WARNING * * *
It was a potion of lignification.
You feel woody for a moment. The gnoll hits you with a +0 flail!
You die...

#..........######.#.....
#........### .........
####'##### ##.###..# #.#
.. ..... #.# ###### #.#
. #.# ... #.#####.....
#.†.@g......
############


You could see a gnoll.

Vanquished Creatures
  2 gnolls (D:2)
  2 adders (D:2)
  A dart slug (D:1)
  A leopard gecko (D:2)
  A ball python (D:2)
  3 giant cockroaches (D:2)
  6 hobgoblins
  2 bats (D:1)
  4 frilled lizards
  10 goblins
  5 kobolds
  4 rats
41 creatures vanquished.

Notes
Turn   | Place    | Note
-------+----------+-------------------------------------------
     0 | D:1      | Borgoz the Ghoul Monk began the quest for the Orb.
     0 | D:1      | Reached XP level 1. HP: 19/19 MP: 0/0
   239 | D:1      | Reached XP level 2. HP: 22/26 MP: 1/1
   466 | D:1      | You fall into a shaft and drop 1 floor!
   862 | D:2      | Reached skill level 1 in Armour
   862 | D:2      | Reached XP level 3. HP: 17/31 MP: 2/2
  1729 | D:2      | Reached XP level 4. HP: 40/40 MP: 3/3
  1925 | D:2      | Reached skill level 4 in Fighting
  1926 | D:2      | Slain by a gnoll

Illustrated notes

Levels and vault maps discovered:
D:1:      dpeg_arrival_tiny_i, layout_loops_ring, minmay_tree_intersection
D:2:      layout_basic, minivault_26

Skill      XL: |  1  2  3  4 |
---------------+-------------+-----
Long Blades    | 3 |  3.2
Armour         | 1 |  1.5
Dodging        | 3 |  3.2
Fighting       | 4 |  4.0
Stealth        | |  2.1

Action                   |  1- 3 |  4- 6 || total
-------------------------+-------+-------++-------
Melee: Falchion          |    91 |    16 ||   107
  Use: Potion            |       |     1 ||     1
 Stab: Sleeping          |     5 |       ||     5
Armor: Robe              |     6 |       ||     6
       Leather armour    |    15 |     3 ||    18
Dodge: Dodged            |    57 |     5 ||    62
       Rpst.: Falchion   |    20 |     2 ||    22
